 Dungeon Crawl Stone Soup version 0.19.5 (webtiles) character file.

27 tidbits the Ducker (level 2, 0/18 HPs)
             Began as a High Elf Wanderer on Aug 8, 2017.
             Killed from afar by a dart slug (4 damage)
             ... with a slug dart
             ... on level 3 of the Dungeon.
             The game lasted 00:03:02 (402 turns).

tidbits the Ducker (High Elf Wanderer)               Turns: 402, Time: 00:03:02

Health: 0/18       AC:  8    Str: 11    XL:     2   Next: 93%
Magic:  3/3        EV:  9    Int: 17    God:
Gold:   21         SH:  0    Dex: 12    Spells: 0 memorised, 1 level left

rFire  . . .     SeeInvis .     a - +0 short sword
rCold  . . .     Gourm    .     B - +2 scale mail
rNeg   . . .     Faith    .     (no shield)
rPois  .         Spirit   .     (no helmet)
rElec  .         Reflect  .     (no cloak)
rCorr  .         Harm     .     (no gloves)
MR     .....                    (no boots)
Stlth  ..........               (no amulet)
                                (no ring)
                                (no ring)

@: no status effects
A: no striking features
a: no special abilities


You were on level 3 of the Dungeon.
You were not hungry.

You visited 1 branch of the dungeon, and saw 3 of its levels.

You collected 21 gold pieces.

Inventory:

Hand Weapons
 a - a +0 short sword (weapon)
 f - a +0 dagger
   (You took it off a goblin on level 1 of the Dungeon)
Missiles
 i - 14 sling bullets
 j - 24 arrows
 k - 19 stones (quivered)
Armour
 g - a +0 plate armour
   (You found it on level 1 of the Dungeon)
 B - a +2 scale mail (worn)
Scrolls
 b - 2 scrolls of teleportation
 e - a scroll of amnesia {unknown}
 h - a scroll of magic mapping {unknown}
 l - a scroll of random uselessness {unknown}
Potions
 m - a potion of lignification {unknown}
 n - 2 potions of curing {unknown}
Comestibles
 c - a slice of pizza
 d - 2 bread rations


   Skills:
 - Level 1.0 Fighting
 - Level 2.4 Short Blades
   Level 2.0 Crossbows
 - Level 2.6 Armour
 + Level 2.9 Dodging
 - Level 1.1 Stealth
   Level 1.0 Evocations


You had one spell level left.
You didn't know any spells.

Dungeon Overview and Level Annotations

Branches:
Dungeon (3/15)

Altars:
Elyvilon
Trog


Message History

The kobold is severely wounded.
The kobold hits you but does no damage. x2
You barely miss the kobold.
The kobold is severely wounded.
The kobold hits you with a whip. The kobold hits you.
You hit the kobold.
You kill the kobold!
The kobold hits you but does no damage.
You miss the kobold. The kobold hits you but does no damage.
You miss the kobold. The kobold hits you with a whip.
You hit the kobold but do no damage. The kobold barely misses you.
You barely miss the kobold. The kobold barely misses you.
Your scale mail prevents you from hitting the kobold.
The kobold hits you but does no damage.
You hit the kobold.
The kobold is severely wounded.
The kobold barely misses you.
Your scale mail prevents you from hitting the kobold.
The kobold is severely wounded.
The kobold completely misses you.
You closely miss the kobold.
The kobold is severely wounded.
The kobold hits you but does no damage.
You hit the kobold.
You kill the kobold!
k - 18 stones (gained 4)
Things that are here:
a whip; a kobold corpse
m - a smoky silvery potion
Things that are here:
a whip; a kobold corpse
k - 19 stones (gained 1)
There is a stone staircase leading up, spattered with blood here.
You climb upwards.
There is a stone staircase leading down here.
Found 11 gold pieces.
You now have 21 gold pieces (gained 11).
Found a chain mail.
A hobgoblin comes into view. It is wielding a club.
The hobgoblin moves out of view.
The hobgoblin hits you with a club.
You barely miss the hobgoblin. The hobgoblin hits you with a club.
You hit the hobgoblin.
The hobgoblin is severely wounded.
The hobgoblin barely misses you.
You barely miss the hobgoblin.
The hobgoblin is severely wounded.
The hobgoblin hits you with a club.
* * * LOW HITPOINT WARNING * * *
You hit the hobgoblin.
You kill the hobgoblin!
Things that are here:
a club; a hobgoblin corpse
Found a stone staircase leading down.
A frilled lizard comes into view.
There is a stone staircase leading down here.
You climb downwards.
A leopard gecko comes into view.
The leopard gecko hisses angrily.
Found a stone staircase leading down.
There is a stone staircase leading up here.
You closely miss the leopard gecko.
The leopard gecko bites you but does no damage.
You hit the leopard gecko.
The leopard gecko is lightly wounded.
The leopard gecko bites you but does no damage.
You hit the leopard gecko.
The leopard gecko is heavily wounded.
The leopard gecko bites you.
* * * LOW HITPOINT WARNING * * *
You hit the leopard gecko.
You kill the leopard gecko!
You see here a leopard gecko corpse.
Found 2 dark potions.
Found a white marble altar of Elyvilon.
Found a scroll labeled VIAKOI PUUJ.
A kobold comes into view.
Found a dark potion.
You see here 2 dark potions.
n - 2 dark potions You closely miss the kobold.
The kobold hits you but does no damage.
You barely miss the kobold. The kobold hits you.
* * * LOW HITPOINT WARNING * * *
You barely miss the kobold. The kobold barely misses you.
You barely miss the kobold. The kobold hits you.
* * * LOW HITPOINT WARNING * * *
You closely miss the kobold. The kobold hits you.
* * * LOW HITPOINT WARNING * * *
You hit the kobold but do no damage. The kobold hits you but does no damage.
You hit the kobold.
You kill the kobold!
A dart slug comes into view.
You see here a scroll labeled VIAKOI PUUJ.
You hit the dart slug.
The dart slug is severely wounded.
You hit the dart slug but do no damage.
The dart slug is severely wounded.
The dart slug launches a dart at you. The slug dart hits you!
You die...

......##########
.##..#..... ....
###.##.... ..#
##..##...#####.#
#....#...#.. ..####
#....#...#.###....#
.........#.#......#
.........#.#....w.##.#
.............._.@....#
.........##......#.###
....####.##......# #
....# ####....###
....# ####... ....#
#!### ....# #.# ....#
....#######


You could see a dart slug.

Vanquished Creatures
  An adder (D:2)
  2 leopard geckos
  A bat (D:2)
  3 goblins (D:1)
  A hobgoblin (D:2)
  3 kobolds (D:3)
  2 frilled lizards (D:2)
  3 rats
16 creatures vanquished.

Notes
Turn   | Place    | Note
-------+----------+-------------------------------------------
     0 | D:1      | tidbits the High Elf Wanderer began the quest for the Orb.
     0 | D:1      | tidbits set off with: a +2 scale mail, a scroll of teleportation, a +0 short sword, a bread ration
     0 | D:1      | Reached XP level 1. HP: 13/13 MP: 2/2
    71 | D:1      | Reached skill level 1 in Dodging
   122 | D:2      | Reached skill level 2 in Dodging
   122 | D:2      | Reached XP level 2. HP: 17/18 MP: 3/3
   239 | D:2      | Found a bloodstained altar of Trog.
   383 | D:3      | Found a white marble altar of Elyvilon.
   402 | D:3      | Killed from afar by a dart slug

Skill      XL: |  1 |
---------------+----+-----
Dodging        | 2 |  2.9
Fighting       | |  1.0
Short Blades   | |  2.4
Crossbows      | |  2.0
Armour         | |  2.6
Stealth        | |  1.1
Evocations     | |  1.0

Action                   || total
-------------------------++-------
Melee: Short sword       ||    75
Armor: Scale mail        ||    33
Dodge: Dodged            ||    29

Table legend:
 A = Turns spent in this place as a percentage of turns spent in the entire game.
 B = Non-inter-level travel turns spent in this place as a percentage of non-inter-level travel turns spent in the entire game.
 C = Inter-level travel turns spent in this place as a percentage of turns spent in this place.
 D = Turns resting spent in this place as a percentage of non-inter-level travel turns spent in this place.
 E = Turns spent auto-exploring this place as a percentage of non-inter-level travel turns spent in this place.
 F = Non-inter-level travel turns spent in this place divided by the number of levels of this place that you've seen.
                   A       B       C       D       E      F
               +-------+-------+-------+-------+-------+----------------------
         Total | 100.0 | 100.0 |   0.0 |   0.0 |   0.0 | 127.3
       Dungeon | 100.0 | 100.0 |   0.0 |   0.0 |   0.0 | 127.3
               +-------+-------+-------+-------+-------+----------------------

Table legend:
 A = Kills in this place as a percentage of kills in entire the game.
 B = Kills by you in this place as a percentage of kills by you in the entire game.
 C = Kills by friends in this place as a percentage of kills by friends in the entire game.
 D = Other kills in this place as a percentage of other kills in the entire game.
 E = Experience gained in this place as a percentage of experience gained in the entire game.
 F = Experience gained in this place divided by the number of levels of this place that you have seen.
                   A       B       C       D       E      F
               +-------+-------+-------+-------+-------+----------------------
         Total | 100.0 | 100.0 |  -nan |  -nan | 100.0 |  13.0
       Dungeon | 100.0 | 100.0 |  -nan |  -nan | 100.0 |  13.0
               +-------+-------+-------+-------+-------+----------------------

Vault maps used:
D:1:      lemuel_arrival_broad_hall
D:2:      bloody_trog, chequers_temple_overflow_statue_of_worship, st_stairs_12
D:3:      kennysheep_the_goblin_king, nicolae_overflow_crystal_walls
